 Dungeon Crawl Stone Soup version 0.28-a0-1415-g7c84da036a (webtiles) character file.

Game seed: 17440193732785772298

87 funkygono the Firebug (level 4, -5/21 (24) HPs)
             Began as a Gargoyle Fire Elementalist on Jan 7, 2022.
             Killed from afar by Sigmund (8 damage)
             ... with a puff of flame
             ... on level 2 of the Dungeon.
             The game lasted 00:03:59 (2731 turns).

funkygono the Firebug (Gargoyle Fire Elementalist)  Turns: 2731, Time: 00:03:59

HP:   -5/21 (24)    AC:  5    Str: 12    XL:     4   Next: 51%
MP:   1/7           EV: 12    Int: 17    God:
Gold: 37            SH:  0    Dex: 10    Spells: 1/7 levels left

rFire   . . .      SeeInvis .   k - +2 mace (drain)
rCold   . . .      Faith    .   (no shield)
rNeg    + . .      Spirit   .   a - +0 robe
rPois   ∞          Reflect  .   (no helmet)
rElec   +          Harm     .   f - scarf {+Inv}
rCorr   .          Rampage  .   (no gloves)
Will    .....                   (no boots)
Stlth   ++........              (no amulet)
HPRegen 0.07/turn               (no ring)
MPRegen 0.10/turn               (no ring)

@: heavily drained
A: sickness immunity, AC +3, negative energy resistance 1, electricity
resistance, torment resistance 1, petrification resistance
a: Evoke Invisibility


You were on level 2 of the Dungeon.
You visited 1 branch of the dungeon, and saw 2 of its levels.

You collected 37 gold pieces.

Inventory:

Hand Weapons
 c - a +0 whip
 k - a +2 mace of draining (weapon)
Missiles
 d - 3 stones
Armour
 a - a +0 robe (worn)
 f - a scarf of invisibility (worn)
 h - a +0 leather armour
Scrolls
 e - 2 scrolls of teleportation {unknown}
 g - 2 scrolls of identify {unknown}
 i - a scroll of magic mapping {unknown}
 j - a scroll of noise {unknown}
 m - a scroll of enchant weapon {unknown}
Potions
 b - a potion of mutation {unknown}
 l - a potion of lignification {unknown}
 n - a potion of brilliance {unknown}


   Skills:
 + Level 0.4 Fighting
 + Level 0.1 Maces & Flails
 + Level 1.8 Dodging
 - Level 2.1 Stealth
 * Level 2.3 Spellcasting
 * Level 2.5 Conjurations
 * Level 4.1 Fire Magic


You had one spell level left.
You knew the following spells:

 Your Spells              Type           Power      Damage    Failure   Level
a - Foxfire               Conj/Fire      52%        2x1d6     4%          1
b - Scorch                Fire           32%        2d6       5%          2
c - Conjure Flame         Conj/Fire      13%        6-21      14%         3

Your spell library contained the following spells:

 Spells                   Type           Power      Damage    Failure   Level
 Inner Flame              Hex/Fire       9%         N/A       24%         3
 Flame Wave               Conj/Fire      13%        2d5       43%         4
 Summon Ice Beast         Ice/Summ       2%         N/A       88%         4
 Summon Mana Viper        Hex/Summ       2%         N/A       99%         5
 Monstrous Menagerie      Summ           1%         N/A       100%        7


Dungeon Overview and Level Annotations

Branches:
Dungeon (2/15)

Altars:

Annotations:
D:2 Sigmund


Innate Abilities, Weirdness & Mutations

You are immune to sickness and miasma.
Your stone body is resilient. (AC +3)
You are immune to poison.
You resist negative energy. (rN+)
You are resistant to electric shocks. (rElec)
You are resistant to unholy torment.
You are immune to petrification.


Message History

The foxfire hits Sigmund but does no damage.
Sigmund is lightly wounded.
The foxfire hits Sigmund.
Sigmund is moderately wounded.
The foxfire hits Sigmund but does no damage.
Sigmund is moderately wounded.
The foxfire hits Sigmund but does no damage.
Sigmund is moderately wounded.
Sigmund points at you and mumbles some strange words.
You resist with some effort.
Your magical contamination has completely faded away.
Sigmund gestures at you while chanting.
You are confused.
You bump into the rock wall.
Sigmund gestures at you while chanting. You resist with some effort.
Okay, then.
You're too confused to move!
You bump into the rock wall.
You bump into the rock wall.
You feel less confused.
Casting: Foxfire (safe; 4% risk of failure)
Confirm with . or Enter, or press ? or * to list all spells.
Flames lash Sigmund.
Sigmund is moderately wounded.
Sigmund's fire resistance burns away.
Sigmund completely misses you.
Unknown command.
Sigmund gestures at you while chanting. The magic dart hits you!
Sigmund no longer looks unusually strong.
Sigmund points at you and mumbles some strange words.
The puff of flame hits you.
* * * LOW HITPOINT WARNING * * *
You see here an adder skeleton.
Sigmund points at you and mumbles some strange words.
You resist with some effort.
Okay, then.
Sigmund points at you and mumbles some strange words.
The puff of flame hits you!
You die...

##.#.# ##.......## #.>..##.#
.####....###.........####.......#
...........+.........'...........
.####....###.........####...#####
#........#.......## #....## #
#.###.##.##...÷.## #.....# #
#.##...#.###...## #.....# #
#.###.##.# ##'## #.....# #
#.###.##.# #@# #.....###
#........# #.# #........
#####.#### ##.############.###
#.# ##.........# #.# #@#
#.....####.# #.# #.# ##...### #.#
#.#######@...###. #.#
#...@...÷........ ..#
#########.####### ###


You could see Sigmund.

Vanquished Creatures
  4 adders (D:2)
  A worm (D:2)
  A dart slug (D:2)
  An orc (D:2)
  3 bats (D:1)
  3 endoplasms (D:1)
  5 giant cockroaches
  5 goblins
  3 hobgoblins
  2 quokkas (D:1)
  6 ball pythons
  5 frilled lizards
  4 kobolds
  2 rats
45 creatures vanquished.

Vanquished Creatures (others)
  144 foxfires
144 creatures vanquished.

Grand Total: 189 creatures vanquished

Notes
Turn   | Place    | Note
-------+----------+-------------------------------------------
     0 | D:1      | funkygono the Gargoyle Fire Elementalist began the quest
                  | for the Orb.
     0 | D:1      | Reached XP level 1. HP: 10/10 MP: 3/3
   235 | D:1      | Reached XP level 2. HP: 15/15 MP: 3/5
   246 | D:1      | Learned a level 2 spell: Scorch
   936 | D:1      | Reached XP level 3. HP: 20/20 MP: 3/6
   940 | D:1      | Learned a level 3 spell: Conjure Flame
  1509 | D:2      | Noticed Sigmund
  2312 | D:2      | Reached XP level 4. HP: 20/24 MP: 5/7
  2464 | D:2      | Reached skill level 4 in Fire Magic
  2731 | D:2      | Killed from afar by Sigmund

Illustrated notes

Levels and vault maps discovered:
D:1:      elethiomel_arrival_quiet, layout_loops_cross
D:2:      layout_loops_corners, uniq_sigmund

Skill      XL: |  1  2  3  4 |
---------------+-------------+-----
Conjurations   | 2 |  2.5
Fire Magic     | 4 |  4.1
Fighting       | |  0.4
Maces & Flails | |  0.1
Dodging        | |  1.8
Stealth        | |  2.1
Spellcasting   | |  2.3

Action                   |  1- 3 |  4- 6 || total
-------------------------+-------+-------++-------
Melee: Unarmed           |     4 |       ||     4
       Punch             |     2 |       ||     2
       Whip              |     9 |       ||     9
       Mace              |    10 |     1 ||    11
 Cast: Foxfire           |    59 |    20 ||    79
       Scorch            |     9 |     2 ||    11
 Stab: Sleeping          |     1 |       ||     1
Armor: Robe              |    19 |     2 ||    21
Dodge: Dodged            |    22 |     6 ||    28

Table legend: (Time is in decaauts)
 A = Elapsed time spent in this place.
 B = Non-inter-level travel time spent in this place.
 C = Inter-level travel time spent in this place.
 D = Time resting spent in this place.
 E = Time spent auto-exploring this place.
 F = Levels seen in this place.
 G = Mean time per level.
                   A        B        C        D        E       F      G
               +--------+--------+--------+--------+--------+-----+--------+
         Total |   2736 |   2681 |     55 |    175 |   2042 |   2 | 1368.0 |
       Dungeon |   2736 |   2681 |     55 |    175 |   2042 |   2 | 1368.0 |
               +--------+--------+--------+--------+--------+-----+--------+

Top non-repeatable levels by time:
     D:1: 1630 daAuts
     D:2: 1105 daAuts
